 Dungeon Crawl Stone Soup version 0.29-a0-1023-g6ae1a4a2c7 (webtiles) character file.

Game seed: 15533486584568377143

0 Zeldest the Sneak (level 1, -1/11 HPs)
             Began as a Vine Stalker Delver on Aug 11, 2022.
             Was an Initiate of Wu Jian.
             Succumbed to a killer bee's poison
             ... on level 5 of the Dungeon.
             The game lasted 00:00:37 (44 turns).

Zeldest the Sneak (Vine Stalker Delver)               Turns: 44, Time: 00:00:37

Health: -1/11      AC:  3    Str: 14    XL:     1   Next: 0%
Magic:  1/2        EV: 11    Int: 10    God:    Wu Jian [......]
Gold:   0          SH:  0    Dex: 15    Spells: 0/0 levels left

rFire   . . .      SeeInvis .     - Unarmed
rCold   . . .      Faith    .   (no shield)
rNeg    . . .      Spirit   +   a - +0 leather armour
rPois   .          Reflect  .   (no helmet)
rElec   .          Harm     .   (no cloak)
rCorr   .          Rampage  .   (no gloves)
Will    .....                   (no boots)
Stlth   +++.......              (no amulet)
HPRegen 0.03/turn               (no ring)
MPRegen 0.08/turn               (no ring)

@: lethally poisoned (-1 -> -8)
A: fangs 2, magic shield, antimagic bite, no potion heal 2
a: Renounce Religion


You were on level 5 of the Dungeon.
You worshipped Wu Jian.
Wu Jian was noncommittal.
You visited 2 branches of the dungeon, and saw 2 of its levels.

Inventory:

Armour
 a - a +0 leather armour (worn)
Wands
 f - a wand of digging (3)
Scrolls
 b - a scroll of fog
 c - a scroll of magic mapping
Potions
 e - a potion of haste


   Skills:
 + Level 2.6 Fighting
 + Level 1.5 Dodging
 - Level 6.0 Stealth
 * Level 2.0 Unarmed Combat


You couldn't memorise any spells.
You didn't know any spells.
Your spell library was empty.

Dungeon Overview and Level Annotations

Branches:
Dungeon (5/15)             Temple (1/1) D:5

Altars:
Ashenzari
Dithmenos
Gozag
Makhleb
Qazlal
Ru
Vehumet
Wu Jian
Xom


Innate Abilities, Weirdness & Mutations

You have extremely sharp teeth.
When hurt, damage is shared between your health and your magic reserves.
Your bite disrupts and absorbs the magic of your enemies.
Potions cannot restore your health.


Message History

Found a stone staircase leading down and a staircase to the Ecumenical Temple.
A killer bee comes into view.
A killer bee comes into view.
A bullfrog and a killer bee come into view.
Found a stone staircase leading up.
An ufetubus and a shadow imp come into view.
There is a staircase to the Ecumenical Temple here.
The killer bee buzzes angrily.
You hear an angry buzzing noise. x2
You climb downwards.
Welcome to the Ecumenical Temple!
Found four altars.
There is a staircase back to the Dungeon here.
Found three altars.
Found a shadowy altar of Dithmenos and an opulent altar of Gozag.
There is an ornate altar of the Wu Jian Council here.
There is an ornate altar of the Wu Jian Council here.
You kneel at the altar of Wu Jian.
The Council welcomes you!
You can now perform damaging attacks by moving towards foes.
There is a staircase back to the Dungeon here.
Okay, then.
You climb upwards.
The shadow imp shouts, "Give up, thou jarring hell-hated pustule!"
The killer bee stings you.
You are lethally poisoned!
The killer bee poisons you! The killer bee completely misses you.
The killer bee stings you.
There is a staircase to the Ecumenical Temple, spattered with blood here.
As you read the scroll of fear, it crumbles to dust.
You assume a fearsome visage.
The ufetubus looks frightened!
The bullfrog looks frightened!
The bullfrog croaks.
The shadow imp looks frightened!
The killer bee looks frightened!
The killer bee buzzes angrily.
The killer bee looks frightened! x3
The killer bee buzzes angrily.
* * * LOW HITPOINT WARNING * * *
You feel very sick.
* * * LOW HITPOINT WARNING * * *
You feel sick.
You die...

##########
#........#
#........#
#.....>..###
#.....P.@P.#
##......PP..#
.........P>P.##..
###........P......
......#....P......
##...y.........#..#
.....##$#.........#
..... ....#.......'
#.........#.......


There were no monsters in sight!

Vanquished Creatures (others)
  A plant (D:5)
  5 toadstools (D:5)
6 creatures vanquished.

Notes
Turn   | Place    | Note
-------+----------+-------------------------------------------
     0 | D:5      | Zeldest the Vine Stalker Delver began the quest for the
                  | Orb.
     0 | D:5      | Reached XP level 1. HP: 11/11 MP: 2/2
     1 | D:5      | Noticed a killer bee
     2 | D:5      | Noticed a killer bee
     3 | D:5      | Noticed a bullfrog
     3 | D:5      | Noticed a killer bee
     5 | D:5      | Noticed a killer bee
     6 | Temple   | Entered the Ecumenical Temple
    25 | Temple   | Became a worshipper of the Wu Jian Council
    41 | D:5      | Noticed a killer bee
    44 | D:5      | Succumbed to a killer bee's poison

Illustrated notes

Levels and vault maps discovered:
D:5:      cheibrodos_fertilizer, layout_rooms, nicolae_hepliaklqana_hazy_memory,
          fedhas_altar_1, minmay_temple_entry_overgrown, ebering_ghost_sewer_f,
          hangedman_minor_gate_pass, uniq_eustachio
Temple:   zaba_magenta_temple

Action                   || total
-------------------------++-------
  Use: Scroll            ||     1
Dodge: Dodged            ||     1

Table legend: (Time is in decaauts)
 A = Elapsed time spent in this place.
 B = Non-inter-level travel time spent in this place.
 C = Inter-level travel time spent in this place.
 D = Time resting spent in this place.
 E = Time spent auto-exploring this place.
 F = Levels seen in this place.
 G = Mean time per level.
                   A        B        C        D        E       F      G
               +--------+--------+--------+--------+--------+-----+--------+
         Total |     44 |     44 |      0 |      0 |      0 |   2 |   22.0 |
       Dungeon |      9 |      9 |      0 |      0 |      0 |   1 |    9.0 |
        Temple |     34 |     34 |      0 |      0 |      0 |   1 |   34.0 |
               +--------+--------+--------+--------+--------+-----+--------+

Top non-repeatable levels by time:
  Temple: 34 daAuts
     D:5: 9 daAuts
